 Dungeon Crawl Stone Soup version 0.21-a0-328-g6a5e2f3 (webtiles) character file.

201 Espgualade the Skirmisher (level 5, -3/35 HPs)
             Began as a Tengu Ice Elementalist on Oct 1, 2017.
             Killed from afar by Natasha (11 damage)
             ... with a wand of flame (?/48)
             ... on level 3 of the Dungeon.
             The game lasted 00:08:45 (4086 turns).

Espgualade the Skirmisher (Tengu Ice Elementalist)  Turns: 4086, Time: 00:08:46

Health: -3/35      AC:  2    Str: 13    XL:     5   Next: 79%
Magic:  2/9        EV: 13    Int: 17    God:
Gold:   121        SH:  0    Dex: 14    Spells: 2/8 levels left

rFire    . . .     SeeInvis +   q - staff of death (curse)
rCold    . . .     Gourm    .   (no shield)
rNeg     + . .     Faith    .   a - +0 robe
rPois    +         Spirit   .   (helmet restricted)
rElec    .         Reflect  .   (no cloak)
rCorr    .         Harm     .   (no gloves)
MR       .....                  (boots unavailable)
Stlth    ++........             (no amulet)
HPRegen  0.11/turn              f - ring of see invisible
MPRegen  0.11/turn              h - ring of poison resistance

@: mighty, very slightly contaminated, slowed, very slow
A: beak, talons 3, able to fly 1
a: Fly


You were on level 3 of the Dungeon.
You were hungry.

You visited 1 branch of the dungeon, and saw 4 of its levels.
You also visited: Sewer.

You collected 121 gold pieces.

Inventory:

Armour
 a - a +0 robe (worn)
Magical Staves
 q - a cursed staff of death (weapon)
Jewellery
 f - a ring of see invisible (left hand)
 h - a ring of poison resistance (right hand)
 r - an uncursed ring of poison resistance
Scrolls
 e - 2 scrolls of teleportation
 i - 2 scrolls of identify
 m - 2 scrolls of fog {unknown}
 o - 2 scrolls of blinking {unknown}
 s - a scroll of remove curse {unknown}
Potions
 c - a potion of invisibility {unknown}
 d - a potion of agility
 g - a potion of cancellation {unknown}
 j - a potion of curing {unknown}
 l - a potion of might
 n - 2 potions of flight {unknown}
 p - a potion of heal wounds {unknown}
Books
 b - a book of Frost

   Spells                             Type                      Level
   a - Freeze                         Ice                          1
   b - Throw Frost                    Conjuration/Ice              2
   c - Ozocubu's Armour               Charms/Ice                   3
   d - Throw Icicle                   Conjuration/Ice              4
   e - Summon Ice Beast               Ice/Summoning                4
Comestibles
 k - a bread ration


   Skills:
 - Level 5.0 Fighting
 + Level 2.6 Dodging
 + Level 2.4 Stealth
 - Level 2.0 Spellcasting
 - Level 1.3 Conjurations
 - Level 2.6 Ice Magic


You had 2 spell levels left.
You knew the following spells:

 Your Spells              Type           Power        Failure   Level  Hunger
a - Freeze                Ice            ##..         6%          1    #......
b - Throw Frost           Conj/Ice       #.....       13%         2    ###....
c - Ozocubu's Armour      Chrm/Ice       #.......     32%         3    ###....


Dungeon Overview and Level Annotations

Branches:
Dungeon (4/15)
 Temple: D:4-7

Altars:
Trog
Yredelemnul

Annotations:
D:3 Natasha, Purgy
D:4 Ijyb


Innate Abilities, Weirdness & Mutations

You have a beak for a mouth.
You have claws for feet.
You can fly.


Message History

Press: ? - help, Shift-Dir - straight line, f/p - Natasha
Aim: Natasha, carrying a wand of flame (?/48) {zapped: 5} (lightly wounded, unusually resistant)
You freeze Natasha.
Natasha resists.
Natasha is moderately wounded.
Natasha claws you!
Casting: Freeze
Confirm with . or Enter, or press ? or * to list all spells.
Aiming: Freeze
Press: ? - help, Shift-Dir - straight line, f/p - Natasha
Aim: Natasha, carrying a wand of flame (?/48) {zapped: 5} (moderately wounded, unusually resistant)
You freeze Natasha.
Natasha resists.
Natasha is moderately wounded.
Natasha claws you!
* * * LOW HITPOINT WARNING * * *
Natasha stares at you and mumbles some strange words.
You resist with some effort.
It was a potion of might.
You feel very mighty all of a sudden.
Natasha zaps a wand.
The puff of flame hits you!
You die...

#.# # #. #.# #.
#.#. #.# .#
#.#.# #.#
..#.#.# #.#
.#.#.# #.# ..#.#
#.# ##.#.#
##.#########.#.#
#.......@h5.#.#
############.#.#
#.......#.#
#......#+#?#
#....... #.#
#.....5h #.#
#..).###.. .#
#.... .. ....##
#...# ... #....


You could see Natasha and a crimson imp.

Vanquished Creatures
  Natasha (twice) (D:3)
  7 adders
  3 oozes
  A worm (D:2)
  3 dart slugs (D:2)
  6 leopard geckos
  7 giant cockroaches
  5 hobgoblins
  6 jackals
  A quokka (D:2)
  A ball python (Sewer)
  8 bats
  4 frilled lizards
  4 goblins
  3 kobolds
  A rat (D:1)
  A spectral orc (D:2)
63 creatures vanquished.

Vanquished Creatures (others)
  A hobgoblin (D:2)
1 creature vanquished.

Grand Total: 64 creatures vanquished

Notes
Turn   | Place    | Note
-------+----------+-------------------------------------------
     0 | D:1      | Espgualade the Tengu Ice Elementalist began the quest for the Orb.
     0 | D:1      | Reached XP level 1. HP: 10/10 MP: 4/4
   211 | D:1      | Reached skill level 1 in Fighting
   254 | D:1      | Reached XP level 2. HP: 9/16 MP: 3/6
   535 | D:1      | Reached skill level 2 in Fighting
  1027 | D:1      | Learned a level 2 spell: Throw Frost
  1094 | D:2      | Reached XP level 3. HP: 12/22 MP: 0/7
  1354 | D:2      | Reached skill level 3 in Fighting
  1644 | D:2      | Reached XP level 4. HP: 21/28 MP: 3/8
  2121 | D:2      | Reached skill level 4 in Fighting
  2697 | D:2      | Found a basalt altar of Yredelemnul.
  2975 | D:2      | Found a bloodstained altar of Trog.
  3140 | D:3      | Gained mutation: You can fly. [Tengu growth]
  3140 | D:3      | Reached XP level 5. HP: 31/34 MP: 9/9
  3144 | D:3      | Found a glowing drain.
  3144 | D:3      | Noticed Natasha
  3160 | D:3      | Killed Natasha
  3182 | Sewer    | Entered a sewer
  3535 | Sewer    | Noticed Purgy
  3575 | D:4      | Noticed Ijyb
  3592 | D:4      | Noticed an ogre
  3600 | D:4      | Reached skill level 5 in Fighting
  3808 | D:4      | Learned a level 3 spell: Ozocubu's Armour
  3832 | D:3      | Noticed Natasha
  3841 | D:3      | Killed Natasha
  4069 | D:3      | Noticed Natasha
  4086 | D:3      | Killed from afar by Natasha

Vault maps used:
D:1:      dpeg_arrival_simpleton_b
D:2:      yredelemnul_forgotten_temple_becter, trog_book
D:3:      first_bread, gup_sewer_entry_pipe, minmay_misc_feat_rows,
          uniq_crazy_yiuf_cottage, uniq_grinder, uniq_natasha, uniq_jessica
D:4:      cheibrodos_quashed, minmay_temple_entry_junction,
          minmay_goblin_outpost, uniq_ijyb
Sewer:    sewer_co_purgy_island

Skill      XL: |  1  2  3  4  5 |
---------------+----------------+-----
Fighting       | 1 2 3 4 5 |  5.0
Dodging        | |  2.6
Stealth        | |  2.4
Spellcasting   | |  2.0
Conjurations   | |  1.3
Ice Magic      | |  2.6

Action                   |  1- 3 |  4- 6 || total
-------------------------+-------+-------++-------
Melee: Unarmed           |    80 |    89 ||   169
       Peck              |    15 |    16 ||    31
       Kick              |    10 |    28 ||    38
       Staff             |       |     4 ||     4
 Cast: Freeze            |    24 |    59 ||    83
       Throw Frost       |       |     3 ||     3
 Abil: Fly               |       |     2 ||     2
  Use: Scroll            |     3 |     2 ||     5
       Potion            |       |     2 ||     2
 Stab: Sleeping          |     4 |     3 ||     7
  Eat: Bread ration      |     1 |       ||     1
       Chunk             |       |     7 ||     7
Armor: Robe              |    29 |    23 ||    52
Dodge: Dodged            |    77 |   126 ||   203

Table legend:
 A = Spawn XP
 B = Non-spawn XP
 C = Spawn XP percentage of total XP
 D = Spawn monster count
 E = Non-spawn monster count
 F = Spawn count percentage of total count
 G = Total turns spent on level
                    A         B        C        D         E        F      G
               +---------+---------+-------+---------+---------+-------+---------
         Total |       0 |     288 |   0.0 |       0 |      63 |   0.0 |  4086
               +---------+---------+-------+---------+---------+-------+---------
           D:1 |       0 |      29 |   0.0 |       0 |      18 |   0.0 |  1317
           D:2 |       0 |     122 |   0.0 |       0 |      24 |   0.0 |  1744
           D:3 |       0 |     115 |   0.0 |       0 |      14 |   0.0 |   404
           D:4 |       0 |       6 |   0.0 |       0 |       3 |   0.0 |   251
         Sewer |       0 |      16 |   0.0 |       0 |       4 |   0.0 |   370
               +---------+---------+-------+---------+---------+-------+---------
